 Dungeon Crawl Stone Soup version 0.30-a0-1123-gabc949cf19 (webtiles) character file.

Game seed: 13686952578614989444

549 lorenzova the Magician (level 7, -8/36 HPs)
             Began as a Deep Elf Conjurer on Apr 22, 2023.
             Mangled by Duvessa
             ... wielding a +3 rapier of venom
              (20 damage)
             ... on level 4 of the Dungeon.
             The game lasted 00:07:22 (5272 turns).

lorenzova the Magician (Deep Elf Conjurer)          Turns: 5272, Time: 00:07:23

Health: -8/36      AC:  2    Str:  4    XL:     7   Next: 7%
Magic:  20/20      EV: 12    Int: 25    God:
Gold:   180        SH:  0    Dex: 13    Spells: 18/21 levels left

rFire   . . .        c - +0 short sword (heavy)
rCold   . . .        (no shield)
rNeg    . . .        a - +0 robe
rPois   .            (no helmet)
rElec   .            (no cloak)
rCorr   .            (no gloves)
SInv    .            (no boots)
Will    .....        (no amulet)
Stlth   ++           (no ring)
HPRegen 0.26/turn    (no ring)
MPRegen 0.17/turn

%: no passive effects
@: lethally poisoned (-8 -> -23), about to teleport
A: no striking features
a: no special abilities


You were on level 4 of the Dungeon.
You visited 1 branch of the dungeon, and saw 4 of its levels.

You collected 180 gold pieces.

Inventory:

Hand Weapons
 c - a +0 heavy short sword (weapon)
Armour
 a - a +0 robe (worn)
Wands
 h - a wand of roots (10)
 w - a wand of charming (13)
Scrolls
 d - 2 scrolls of noise {unknown}
 f - a scroll of immolation {unknown}
 k - 2 scrolls of brand weapon
 m - a scroll of magic mapping {unknown}
 o - 2 scrolls of identify {unknown}
 p - a scroll of enchant weapon {unknown}
 s - a scroll of fog {unknown}
 u - a scroll of vulnerability {unknown}
 v - a scroll of enchant armour {unknown}
Potions
 b - a potion of magic
 e - a potion of haste {unknown}
 i - a potion of might {unknown}
 j - a potion of lignification {unknown}
 l - 2 potions of attraction {unknown}
 n - a potion of mutation {unknown}
 q - a potion of brilliance {unknown}
 r - 2 potions of curing {unknown}
 t - a potion of ambrosia {unknown}
 x - a potion of flight {unknown}


   Skills:
 - Level 2.4 Dodging
 - Level 2.4 Stealth
 + Level 7.5 Spellcasting
 + Level 7.3 Conjurations


You had 18 spell levels left.
You knew the following spells:

 Your Spells              Type           Power      Damage    Failure   Level
a - Magic Dart            Conj           100%       1d8       1%          1
b - Searing Ray           Conj           92%        2d7       1%          2

Your spell library contained the following spells:

 Spells                   Type           Power      Damage    Failure   Level
 Dazzling Flash           Conj/Hex       54%        N/A       4%          3
 Lesser Beckoning         Tloc           18%        N/A       10%         2
 Fulminant Prism          Conj/Hex       13%        3d8       14%         4
 Iskenderun's Mystic Bla  Conj/Tloc      27%        2d7       14%         4
 Gell's Gravitas          Tloc           9%         N/A       19%         3
 Teleport Other           Tloc           9%         N/A       19%         3


Dungeon Overview and Level Annotations

Branches:
Dungeon (4/15)
 Temple: D:4-7

Altars:

Shops:
D:1 !

Annotations:
D:4 Duvessa


Message History

You hear a shout!
You hear a shout!
You hear a shout!
You hear a shout!
Found a stone staircase leading down.
You hear a shout!
You hear a shout!
You hear a shout!
You hear a shout!
You open the door.
You hear a shout!
There is an open door here.
You hear a shout!
You hear a shout!
You hear a shout!
As you open the door, it creaks loudly!
There is an open door here.
You hear a shout!
You hear a shout!
You hear a shout!
You hear a shout!
You hear a shout!
You hear a shout!
You see here 3 stones.
You hear a shout!
Duvessa is nearby!
Unknown command.
Unknown command.
You hear a shout!
As you read the scroll of teleportation, it crumbles to dust.
You feel strangely unstable.
You see here 3 stones.
Duvessa attacks as you move away!
Duvessa hits you with a +3 rapier of venom!
You are lethally poisoned!
You feel very sick.
You feel very sick.
Duvessa hits you with a +3 rapier of venom!!
Ouch! That really hurt!
You die...

.#...#....#..#......#...#
)##'##....##+#......#...#
.#..######..........#...#
.#.......#..........#...#
.#.......#..........#...#
.#.......#..........#...#####
.#.......#..........#...##..#
.#..###..#..........#.......#
.#..###..#######@...#.......#
.#.......+.....'e...#.......#
.#.......#.....#(...#.......#
.#+####..##....#....#...##..#
.....##..##..###....#...#####
...รท.#...##..#......#....#
#....#....)..#......'....#
#....#....#..#......#....#
#....#....#..'......#....#


You could see Duvessa (berserk).

Vanquished Creatures
  2 scorpions
  Dowan (D:4)
  3 orc priests
  A hound (D:4)
  Natasha (thrice) (D:2)
  An orc wizard (D:3)
  4 gnolls (D:2)
  3 adders
  A worm (D:3)
  A dart slug (D:1)
  19 orcs
  3 bats
  7 endoplasms
  8 giant cockroaches
  7 goblins
  4 hobgoblins
  A quokka (D:3)
  7 ball pythons
  3 frilled lizards
  6 kobolds
  2 rats
87 creatures vanquished.

Vanquished Creatures (others)
  9 plants (D:4)
9 creatures vanquished.

Grand Total: 96 creatures vanquished

Notes
Turn   | Place    | Note
-------+----------+-------------------------------------------
     0 | D:1      | lorenzova the Deep Elf Conjurer began the quest for the
                  | Orb.
     0 | D:1      | Reached XP level 1. HP: 10/10 MP: 6/6
   320 | D:1      | Reached XP level 2. HP: 15/15 MP: 4/8
   358 | D:1      | Learned a level 2 spell: Searing Ray
   362 | D:1      | Found Gusmoz's Distillery.
   834 | D:2      | Reached skill level 5 in Conjurations
   834 | D:2      | Reached XP level 3. HP: 19/19 MP: 5/10
   905 | D:2      | Noticed Natasha
   909 | D:2      | Killed Natasha
  1194 | D:2      | Noticed Natasha
  1197 | D:2      | Killed Natasha
  1198 | D:2      | Reached XP level 4. HP: 19/24 MP: 8/12
  1386 | D:2      | Reached skill level 5 in Spellcasting
  1529 | D:2      | Noticed Natasha
  1534 | D:2      | Killed Natasha
  1721 | D:2      | Reached XP level 5. HP: 26/28 MP: 9/14
  3681 | D:3      | Reached XP level 6. HP: 32/32 MP: 11/17
  4321 | D:4      | Noticed Dowan
  4344 | D:4      | Killed Dowan
  4409 | D:4      | Noticed Duvessa
  4625 | D:4      | Reached XP level 7. HP: 36/36 MP: 15/19
  5272 | D:4      | Mangled by Duvessa

Illustrated notes

Levels and vault maps discovered:
D:1:      eino_arrival_water_cross, layout_rooms, serial_shops, shop,
          chequers_mini_garden, minmay_hexomino_f4
D:2:      layout_loops_ring, uniq_natasha
D:3:      layout_basic, ebering_dispersal_statue_hall, moated_statue,
          grunt_ministairs_12
D:4:      layout_gridville, serial_bayou_ford_a, uniq_duvessa

Skill      XL: |  1  2  3  4  5  6 |
---------------+-------------------+-----
Spellcasting   | 4 5 6 7 |  7.5
Conjurations   | 5 6 7 |  7.3
Dodging        | |  2.4
Stealth        | |  2.4

Action                     |  1- 3 |  4- 6 |  7- 9 || total
---------------------------+-------+-------+-------++-------
   Cast: Magic Dart        |    38 |   111 |    12 ||   161
         Searing Ray       |     1 |    12 |     1 ||    14
    Use: Scroll            |       |       |     3 ||     3
 Armour: Robe              |       |     2 |     1 ||     3
  Dodge: Dodged            |       |     4 |     5 ||     9

Table legend: (Time is in decaauts)
 A = Elapsed time spent in this place.
 B = Non-inter-level travel time spent in this place.
 C = Inter-level travel time spent in this place.
 D = Time resting spent in this place.
 E = Time spent auto-exploring this place.
 F = Levels seen in this place.
 G = Mean time per level.
                   A        B        C        D        E       F      G
               +--------+--------+--------+--------+--------+-----+--------+
         Total |   5283 |   5101 |    182 |   2501 |   2084 |   4 | 1320.8 |
       Dungeon |   5283 |   5101 |    182 |   2501 |   2084 |   4 | 1320.8 |
               +--------+--------+--------+--------+--------+-----+--------+

Top non-repeatable levels by time:
     D:3: 1694 daAuts
     D:2: 1610 daAuts
     D:4: 1177 daAuts
     D:1: 801 daAuts
